 Dungeon Crawl Stone Soup version 0.29.1-2-gbd0b4ee654 (webtiles) character file.

Game seed: 10476763119281770962

78 styxcanada the Sneak (level 4, -6/23 HPs)
             Began as a Spriggan Brigand on Oct 30, 2022.
             Killed by nerve-wracking pain
             ... invoked by Grinder
              (11 damage)
             ... on level 3 of the Dungeon.
             The game lasted 00:07:55 (2181 turns).

styxcanada the Sneak (Spriggan Brigand)             Turns: 2181, Time: 00:07:55

Health: -6/23      AC:  7    Str:  7    XL:     4   Next: 15%
Magic:  5/5        EV: 17    Int: 12    God:
Gold:   144        SH:  0    Dex: 18    Spells: 3/3 levels left

rFire   . . .      SeeInvis +   a - +2 dagger
rCold   . . .      Faith    .   (no shield)
rNeg    . . .      Spirit   .   b - +0 robe
rPois   .          Reflect  .   (helmet restricted)
rElec   .          Harm     .   c - +0 cloak
rCorr   .          Rampage  .   (gloves unavailable)
Will    .....                   (boots unavailable)
Stlth   ++++......              r - amulet of the acrobat
HPRegen 0.07/turn               m - +4 ring of protection
MPRegen 0.09/turn               (no ring)

@: very quick
A: very small, no large weapons, unfitting armour, see invisible, speed 3
a: no special abilities


You were on level 3 of the Dungeon.
You visited 1 branch of the dungeon, and saw 3 of its levels.

You collected 144 gold pieces.

Inventory:

Hand Weapons
 a - a +2 dagger (weapon)
 q - a +0 sling
Missiles
 e - 2 curare-tipped darts (quivered)
 i - 22 stones
Armour
 b - a +0 robe (worn)
 c - a +0 cloak (worn)
Jewellery
 m - a +4 ring of protection (left hand)
 r - an amulet of the acrobat (around neck)
Scrolls
 f - 2 scrolls of enchant armour {unknown}
 g - 2 scrolls of fog {unknown}
 k - a scroll of vulnerability {unknown}
 l - 3 scrolls of identify {unknown}
 n - a scroll of summoning {unknown}
 o - a scroll of teleportation {unknown}
Potions
 h - a potion of mutation {unknown}
 j - a potion of lignification {unknown}
 p - a potion of ambrosia {unknown}
 s - a potion of invisibility {unknown}


   Skills:
 + Level 1.9 Fighting
 + Level 3.0 Short Blades
 + Level 2.3 Throwing
 + Level 1.9 Dodging
 + Level 7.4 Stealth


You had 3 spell levels left.
You didn't know any spells.
Your spell library contained the following spells:

 Spells                   Type           Power      Damage    Failure   Level
 Gell's Gravitas          Tloc           0%         N/A       69%         3
 Lesser Beckoning         Tloc           0%         N/A       69%         3
 Teleport Other           Tloc           0%         N/A       69%         3


Dungeon Overview and Level Annotations

Branches:
Dungeon (3/15)

Altars:

Annotations:
D:3 Grinder


Innate Abilities, Weirdness & Mutations

You are very small and have problems with some larger weapons.
You are too small for most types of armour.
You have supernaturally acute eyesight. (SInv)
You cover ground extremely quickly. (Speed+++)


Message History

Press: ? - help, Q - select action, (/) - cycle Shift-Dir - straight line, f/p - Grinder
Aim: Grinder (58% to hit)
You throw a poisoned dart.
The poisoned dart closely misses Grinder.
Grinder blinks!
Throw: 4 darts (poison)
Press: ? - help, Q - select action, (/) - cycle Shift-Dir - straight line, f/p - Grinder
Aim: Grinder (58% to hit)
You throw a poisoned dart. The poisoned dart hits Grinder.
Grinder gestures at you.
You suddenly lose the ability to move!
You can move again.
Throw: 3 darts (poison)
Press: ? - help, Q - select action, (/) - cycle Shift-Dir - straight line, f/p - Grinder
Aim: Grinder (58% to hit)
You throw a poisoned dart.
The poisoned dart closely misses Grinder.
Grinder gestures at you. Pain shoots through your body!
Unknown command.
Throw: 2 darts (poison)
Press: ? - help, Q - select action, (/) - cycle Shift-Dir - straight line, f/p - Grinder
Aim: Grinder (58% to hit)
You throw a poisoned dart. The poisoned dart hits Grinder.
Grinder gestures at you. Pain shoots through your body!
Ouch! That really hurt!
* * * LOW HITPOINT WARNING * * *
Throw: dart (poison)
Press: ? - help, Q - select action, (/) - cycle Shift-Dir - straight line, f/p - Grinder
Aim: Grinder (58% to hit)
You throw a poisoned dart. The poisoned dart hits Grinder.
Throw: 3 darts (curare)
Press: ? - help, Q - select action, (/) - cycle Shift-Dir - straight line, f/p - Grinder
Aim: Grinder (58% to hit)
You throw a curare-tipped dart.
The curare-tipped dart closely misses Grinder.
Grinder gestures at you. Pain shoots through your body!
You die...

######### #.......#
#.......#
###########.......#
#....@..5(..(.....#
###..###..........####
##......((.(........
#####ยง.........(.##
#...(......#...
#...##..######.
##...##....#
##...###.##.# ##....#
#.. ...


You could see Grinder.

Vanquished Creatures
  2 adders
  3 worms (D:2)
  A dart slug (D:3)
  4 ball pythons
  3 endoplasms
  A giant cockroach (D:3)
  8 goblins
  7 hobgoblins
  2 kobolds
  2 quokkas
  2 bats
  6 frilled lizards
  7 rats
48 creatures vanquished.

Notes
Turn   | Place    | Note
-------+----------+-------------------------------------------
     0 | D:1      | styxcanada the Spriggan Brigand began the quest for the
                  | Orb.
     0 | D:1      | Reached XP level 1. HP: 10/10 MP: 2/2
    66 | D:1      | Reached skill level 6 in Stealth
   467 | D:1      | Reached XP level 2. HP: 14/14 MP: 3/3
   932 | D:1      | Found a faded altar of an unknown god.
  1159 | D:2      | Reached XP level 3. HP: 17/18 MP: 4/4
  1508 | D:2      | Reached skill level 7 in Stealth
  2077 | D:3      | Reached XP level 4. HP: 23/23 MP: 5/5
  2145 | D:3      | Noticed Grinder
  2174 | D:3      | Paralysed by Grinder for 3 turns
  2181 | D:3      | Killed from afar by Grinder

Illustrated notes

Levels and vault maps discovered:
D:1:      giann_forest_graveyard, layout_loops_ring,
          shapermc_ecumenical_altar_hornbeckon
D:2:      layout_loops_ring
D:3:      layout_rooms, minitemple, nicolae_shop_vocational, uniq_grinder

Skill      XL: |  1  2  3  4 |
---------------+-------------+-----
Stealth        | 6 7 |  7.4
Short Blades   | 3 |  3.0
Fighting       | |  1.9
Throwing       | |  2.3
Dodging        | |  1.9

Action                   |  1- 3 |  4- 6 || total
-------------------------+-------+-------++-------
Melee: Dagger            |    97 |    15 ||   112
Throw: Dart              |    21 |    12 ||    33
 Stab: Sleeping          |    21 |     2 ||    23
Armor: Robe              |     8 |     3 ||    11
Dodge: Dodged            |    54 |     9 ||    63
